 Dungeon Crawl Stone Soup version 0.19.0-17-g07987d3 (webtiles) character file.

184668 DevlanMud the Brawler (level 17, 0/154 HPs)
             Began as a Troll Hunter on Nov 10, 2016.
             Was the Champion of Okawaru.
             Slain by an emperor scorpion (9 damage)
             ... on level 4 of the Spider Nest.
             The game lasted 03:00:19 (33186 turns).

DevlanMud the Brawler (Troll Hunter)               Turns: 33186, Time: 03:00:19

Health: 0/154      AC: 14    Str: 24    XL:     17   Next: 39%
Magic:  18/22      EV: 20    Int: 13    God:    Okawaru [******]
Gold:   1382       SH: 24    Dex: 16    Spells: 2 memorised, 12 levels left

rFire  . . .     SeeInvis +       - Unarmed
rCold  + . .     Gourm    +     V - +1 robe of Does {MR+ Slay+3}
rNeg   . . .     Faith    .     C - +2 shield {AC+3}
rPois  +         Spirit   .     t - +2 hat "Qashurph" {rElec Dex+5}
rElec  +         Reflect  +     B - +1 cloak {MR+}
rCorr  +         Harm     .     (gloves unavailable)
MR     +++..     Clarity  +     (boots unavailable)
Stlth  +++++.....               M - brooch of Shielding {Reflect SH+8}
                                P - ring of resist corrosion
                                b - ring "Lasoz" {+Blink rPois rC+ SInv}

@: lethally poisoned (0 -> -3), about to teleport, heroism, finesse
A: unfitting armour, claws 3, camouflage 1, blink, clarity, clever 1, fast
metabolism 3, frail 1, gourmand, regeneration 1, shaggy fur 1, tough skin 2,
subdued magic 1, sturdy frame 2
a: Blink, Heroism, Finesse, Renounce Religion, Evoke Blink
}: 1/15 runes: decaying


You were on level 4 of the Spider Nest.
You worshipped Okawaru.
Okawaru was exalted by your worship.
You were very full.

You visited 6 branches of the dungeon, and saw 32 of its levels.

You collected 3019 gold pieces.
You spent 1637 gold pieces at shops.

Inventory:

Missiles
 c - 39 large rocks (quivered)
 x - 9 tomahawks of returning
 y - 9 javelins
 E - a throwing net
 G - 25 tomahawks
Armour
 k - the +1 hat of the Doldrums {Slay+3}
   (Okawaru gifted it to you on level 1 of the Spider Nest)

   It affects your accuracy and damage with ranged weapons and melee attacks
   (+3).
 t - the +2 hat "Qashurph" (worn) {rElec Dex+5}
   (Okawaru gifted it to you on level 4 of the Lair of Beasts)

   It affects your dexterity (+5).
   It insulates you from electricity.
 B - a +1 cloak of magic resistance (worn)
 C - a +2 shield of protection (worn)
 V - the +1 robe of Does (worn) {MR+ Slay+3}
   (Okawaru gifted it to you on level 3 of the Spider Nest)

   It affects your accuracy and damage with ranged weapons and melee attacks
   (+3).
   It affects your resistance to hostile enchantments.
Jewellery
 b - the ring "Lasoz" (left claw) {+Blink rPois rC+ SInv}
   (You bought it in a shop on level 13 of the Dungeon)

   [ring of protection from cold]

   It protects you from cold.
   It protects you from poison.
   It lets you see invisible.
   It lets you blink.
 s - an uncursed ring of protection from cold
 M - the brooch of Shielding (around neck) {Reflect SH+8}
   (You bought it in a shop on level 7 of the Dungeon)

   [amulet of reflection]

   It shields you and reflects attacks.
   It affects your SH (+8).
 P - a ring of resist corrosion (right claw)
Wands
 j - a wand of digging (9/24)
 u - a wand of teleportation (7/9)
 A - a wand of disintegration (10/24)
 D - a wand of heal wounds (6/9)
 R - a wand of heal wounds (6/9)
 W - a wand of enslavement (19/24)
Scrolls
 d - 5 scrolls of fear
 g - 8 scrolls of identify
 l - 8 scrolls of magic mapping
 o - 11 scrolls of teleportation
 q - 10 scrolls of blinking
 F - 4 scrolls of recharging
 J - 10 scrolls of remove curse
 K - a scroll of fog
 N - 3 scrolls of brand weapon
 S - a scroll of holy word
Potions
 e - 2 potions of brilliance
 i - 2 potions of heal wounds
 n - 2 potions of might
 p - 14 potions of curing
 r - 2 potions of flight
 v - 2 potions of agility
 z - a potion of cancellation
 I - a potion of resistance
 O - 6 potions of haste
 Q - a potion of invisibility
 U - a potion of ambrosia
 Y - a potion of magic
Books
 a - a book of Geomancy

   Spells                             Type                      Level
   a - Sandblast                      Earth                        1
   b - Passwall                       Transmutation/Earth          2
   c - Stone Arrow                    Conjuration/Earth            3
   d - Petrify                        Transmutation/Earth          4
   e - Lee's Rapid Deconstruction     Earth                        5
 L - Suemo's Grimoire of Lethal Summoning
   (You found it on level 2 of the Spider Nest)

   Spells                             Type                      Level
   a - Summon Small Mammal            Summoning                    1
   b - Corpse Rot                     Necromancy                   2
   c - Call Canine Familiar           Summoning                    3
   d - Dispel Undead                  Necromancy                   5
   e - Summon Demon                   Summoning                    5
 X - a book of Maledictions

   Spells                             Type                      Level
   a - Corona                         Hexes                        1
   b - Ensorcelled Hibernation        Hexes/Ice                    2
   c - Confuse                        Hexes                        3
   d - Tukima's Dance                 Hexes                        3
   e - Dazzling Spray                 Conjuration/Hexes            3
Comestibles
 f - 26 bread rations
 h - 21 meat rations
 m - 11 slices of pizza
 w - 3 royal jellies
 H - 9 beef jerkies
 T - 35 fruits


   Skills:
 - Level 12.1(17.1) Fighting
 + Level 12.4(17.4) Throwing
 - Level 9.0(14.0) Armour
 - Level 9.0(14.0) Dodging
 - Level 3.0(8.0) Stealth
 - Level 9.2(14.2) Shields
 - Level 15.0(20.0) Unarmed Combat
 - Level 9.0 Invocations


You had 12 spell levels left.
You knew the following spells:

 Your Spells              Type           Power        Failure   Level  Hunger
a - Blink                 Tloc           N/A          43%         2    ###....
b - Repel Missiles        Chrm/Air       #.....       43%         2    ###....


Dungeon Overview and Level Annotations

Branches:
Dungeon (15/15)            Temple (1/1) D:7            Lair (6/6) D:8
  Swamp (4/4) Lair:3       Spider (4/4) Lair:2        Slime (0/5) Lair:6
    Orc (2/2) D:9             Elf (0/3) Orc:2        Vaults (0/5) D:13
 Depths (0/5) D:15

Altars:
Ashenzari
Cheibriados
Dithmenos
Elyvilon
Fedhas
Gozag
Hepliaklqana
Kikubaaqudgha
Nemelex Xobeh
Okawaru
Qazlal
Ru
Sif Muna
Trog
Uskayaw
Vehumet
Xom
Yredelemnul
Zin
Beogh

Shops:
D:4 [   D:7 [=([   D:11 ?   D:13 ([[=   Orc:2 !?[(


Innate Abilities, Weirdness & Mutations

You are too large for most types of armour.
You have claws for hands.
Your metabolism is lightning-fast.
You like to eat raw meat.
Your natural rate of healing is unusually fast.
You are covered in fur. (AC +1)
You have very tough skin. (AC +2)
Your skin changes colour to match your surroundings (Stealth+).
You can translocate small distances at will.
You possess an exceptional clarity of mind.
Your mind is acute. (Int +2)
You are frail. (-10% HP)
Your spells are a little easier to cast, but a little less powerful.
Your movements are less encumbered by armour. (ER -4)


Message History

The jumping spider bites you but does no damage.
Throwing (i - inventory. (,) - cycle):
c - 40 large rocks (quivered)
Press: ? - help, Shift-Dir - straight line, f - moth of wrath
Aim: a moth of wrath You throw a large rock.
The large rock hits the moth of wrath!!!
The moth of wrath is almost dead.
You feel sick. The emperor scorpion stings you!!
* * * LOW HITPOINT WARNING * * *
You block the emperor scorpion's attack. x2
You block the jumping spider's attack. The jumping spider closely misses you.
You feel much better.
You feel sick.
The emperor scorpion closely misses you.
You block the emperor scorpion's attack.
The emperor scorpion claws you!!
* * * LOW HITPOINT WARNING * * *
You block the jumping spider's attack. x2; The emperor scorpion stings you!
* * * LOW HITPOINT WARNING * * *
The emperor scorpion claws you!
You die...

# ### #..###.###
###...≈.#≈..#...
#..# ###
#≈≈........####.
####
##..........# ##
#≈....≈≈..### #
#..####≈≈.≈#
#..#≈,##≈..#
#..#,,≈#≈.≈#*
##s##,≈,#≈...#
#@.#,,≈,##..≈#
##ys#,≈≈,≈#..##
#.(##,≈≈,,#..#
#(†#≈,≈≈,,#..#
#(s#,,≈,≈,#≈.#*
#≈(#*,≈,≈,*,,,*
#...*,≈≈≈,*,,≈*
##.≈≈,≈≈,**,,**
#^..≈,,,*,,,*


You could see an emperor scorpion (berserk), a moth of wrath, a jumping spider
and a redback.

Vanquished Creatures
  Agnes (D:14)
  2 thorn hunters (Swamp:2)
  An orc warlord (Orc:2)
  5 emperor scorpions (Spider:4)
  A ghost moth (Spider:4)
  2 entropy weavers
  2 spark wasps (Spider:3)
  A yaktaur captain (D:15)
  3 ghost crabs
  A vault guard (D:13)
  3 ice dragons (Swamp:4)
  11 hydras
  5 centaur warriors
  A catoblepas (Lair:5)
  2 death knights
  A queen ant (Lair:2)
  8 alligators
  2 tengu warriors (D:14)
  Sonja (Lair:3)
  Nergalle (Lair:3)
  An unseen horror (D:15)
  6 spriggan druids
  3 swamp dragons
  6 shambling mangroves
  Pikel (D:4)
  13 orb spiders
  3 oklob plants
  2 orc sorcerers
  5 ugly things
  3 manticores
  2 deep elf magi (D:15)
  28 wolf spiders
  6 cyclopes
  Maurice (D:11)
  A moth of wrath (Spider:4)
  4 elephants (Lair:5)
  A centaur zombie (D:14)
  8 black mambas
  2 torpor snails
  A gargoyle (D:13)
  9 rime drakes
  A yaktaur (D:15)
  12 spiny frogs
  6 freezing wraiths
  4 komodo dragons
  13 demonic crawlers
  36 jumping spiders
  5 tyrant leeches
  A meliai (D:13)
  3 polar bears (Lair:6)
  9 trolls
  2 two-headed ogres
  A jumping spider (shapeshifter) (D:15)
  19 hornets
  4 dream sheep (Lair:6)
  11 slime creatures
  Grinder (D:3)
  4 bog bodies
  20 blink frogs
  11 hippogriffs
  53 redbacks
  19 spriggans
  19 tarantellas
  42 yaks
  Sigmund (D:2)
  2 wraiths (D:13)
  A vampire (D:12)
  Eustachio (D:4)
  7 basilisks
  9 wyverns (D:14)
  4 hogs (D:7)
  A steam dragon (Lair:4)
  A human (D:7)
  2 hungry ghosts
  5 swamp worm simulacra (Swamp:4)
  A mottled dragon (D:12)
  19 vampire mosquitoes
  Edmund (D:5)
  4 insubstantial wisps (Swamp:1)
  5 soldier ants (Lair:2)
  A warg (Orc:2)
  25 swamp worms
  18 water moccasins
  17 hydra simulacra (Swamp:4)
  30 orc warriors
  12 porcupines
  5 sky beasts
  5 ice beasts
  7 swamp drakes
  A black bear (shapeshifter) (D:13)
  An eye of draining (D:10)
  A necrophage (D:12)
  5 black bears
  3 phantoms
  3 boggarts (Lair:6)
  5 ogres
  33 wolves
  13 crocodiles
  12 centaurs
  3 big kobolds
  14 bullfrogs
  2 gnoll sergeants (D:8)
  A scorpion (D:7)
  A wyvern skeleton (D:9)
  14 killer bees
  16 wights
  5 electric eels
  4 howler monkeys
  7 crimson imps
  6 hounds
  A bullfrog zombie (D:5)
  A quasit (D:12)
  7 jellies
  4 centaur skeletons
  29 orc priests
  A bullfrog skeleton (D:11)
  25 orc wizards
  Ijyb (D:4)
  3 iguanas
  16 worker ants
  Robin (D:3)
  2 worker ant zombies
  8 gnolls
  15 adders
  A river rat (D:8)
  2 shadow imps
  3 swamp drake simulacra (Swamp:4)
  An adder skeleton (D:10)
  3 worms
  3 dart slugs
  7 leopard geckos
  109 orcs
  4 ball pythons (D:1)
  3 giant cockroaches
  14 hobgoblins
  22 jackals
  3 quokkas
  9 bats
  7 frilled lizards
  17 goblins
  23 kobolds
  2 leopard gecko skeletons (D:4)
  A quokka zombie (D:6)
  10 rats
  2 fungi (D:8)
  3 plants
1153 creatures vanquished.

Vanquished Creatures (collateral kills)
  A hippogriff (Lair:1)
1 creature vanquished.

Vanquished Creatures (others)
  A ghost crab (Swamp:4)
  An alligator (Swamp:3)
  A spriggan druid (Swamp:4)
  A spiny frog (Swamp:4)
  A jumping spider (Spider:1)
  A slime creature (Swamp:4)
  A spriggan (Swamp:4)
  A tarantella (Spider:1)
  A redback (Spider:1)
  A scorpion (D:4)
  A frilled lizard (D:4)
  2 bushes (D:8)
  36 fungi
  21 plants
70 creatures vanquished.

Grand Total: 1224 creatures vanquished

Notes
Turn   | Place    | Note
-------+----------+-------------------------------------------
     0 | D:1      | DevlanMud the Troll Hunter began the quest for the Orb.
     0 | D:1      | Reached XP level 1. HP: 19/19 MP: 0/0
    97 | D:1      | Reached XP level 2. HP: 28/28 MP: 1/1
   100 | D:1      | Reached skill level 1 in Unarmed Combat
   667 | D:1      | Reached XP level 3. HP: 35/35 MP: 2/2
   712 | D:1      | Reached skill level 2 in Unarmed Combat
  1039 | D:2      | Noticed Sigmund
  1215 | D:2      | Reached XP level 4. HP: 44/44 MP: 3/3
  1341 | D:2      | Killed Sigmund
  1341 | D:2      | Reached skill level 4 in Unarmed Combat
  1341 | D:2      | Reached XP level 5. HP: 47/53 MP: 4/4
  1966 | D:3      | Noticed Robin
  2045 | D:3      | Killed Robin
  2045 | D:3      | Reached XP level 6. HP: 53/61 MP: 5/5
  2696 | D:3      | Noticed Grinder
  2701 | D:3      | Killed Grinder
  2701 | D:3      | Reached skill level 5 in Unarmed Combat
  2701 | D:3      | Reached XP level 7. HP: 58/68 MP: 6/6
  3140 | D:4      | Reached skill level 6 in Unarmed Combat
  3406 | D:4      | Noticed Pikel
  3416 | D:4      | Killed Pikel
  3416 | D:4      | Reached skill level 7 in Unarmed Combat
  3416 | D:4      | Reached XP level 8. HP: 59/78 MP: 7/7
  3567 | D:4      | Found Omynlesk's Armour Emporium.
  3655 | D:4      | Reached skill level 8 in Unarmed Combat
  3729 | D:4      | Noticed Eustachio
  3746 | D:4      | Killed Eustachio
  3746 | D:4      | Reached skill level 5 in Throwing
  4006 | D:4      | Noticed Ijyb
  4049 | D:4      | Killed Ijyb
  4260 | D:5      | Entered Level 5 of the Dungeon
  4569 | D:5      | Found an ancient bone altar of Kikubaaqudgha.
  4580 | D:5      | Reached skill level 9 in Unarmed Combat
  4730 | D:5      | Noticed Edmund
  4744 | D:5      | Killed Edmund
  5144 | D:5      | Reached XP level 9. HP: 82/85 MP: 8/8
  5245 | D:6      | Found a shadowy altar of Dithmenos.
  5261 | D:6      | Gained mutation: Armour fits poorly on your strangely shaped body. [potion of mutation]
  5261 | D:6      | Gained mutation: Your movements are slightly less encumbered by armour. (ER -2) [potion of mutation]
  5261 | D:6      | Gained mutation: Your movements are less encumbered by armour. (ER -4) [potion of mutation]
  5457 | D:6      | Found an iron altar of Okawaru.
  5636 | D:6      | Gained mutation: You possess an exceptional clarity of mind. [potion of mutation]
  5636 | D:6      | Gained mutation: You are frail. (-10% HP) [potion of mutation]
  5636 | D:6      | Gained mutation: Your skin changes colour to match your surroundings (Stealth+). [potion of mutation]
  5937 | D:7      | Found Saolum's Jewellery Shoppe.
  5945 | D:6      | Reached skill level 5 in Fighting
  6098 | D:7      | Found Adazug's Armour Shoppe.
  6119 | D:7      | Found a staircase to the Ecumenical Temple.
  6123 | D:7      | Reached skill level 1 in Stealth
  6166 | Temple   | Entered the Ecumenical Temple
  6461 | D:7      | Found Voppueme's Antique Weapon Shoppe.
  6493 | D:7      | Found Nimuzoq's Antique Armour Emporium.
  6745 | D:7      | Bought a +2 shield of protection for 258 gold pieces
  6863 | D:7      | Reached skill level 1 in Shields
  7083 | D:8      | Found a blossoming altar of Fedhas.
  7131 | D:6      | Became a worshipper of Warmaster Okawaru
  7236 | D:8      | Reached XP level 10. HP: 87/87 MP: 9/9
  7467 | D:8      | Reached * piety under Okawaru
  7496 | D:8      | Reached skill level 1 in Invocations
  7642 | D:8      | Found a white marble altar of Elyvilon.
  7796 | D:8      | Found a sacrificial altar of Ru.
  7896 | D:8      | Reached ** piety under Okawaru
  7916 | D:8      | Reached skill level 5 in Shields
  7917 | D:8      | Found a staircase to the Lair.
  8473 | D:8      | Reached *** piety under Okawaru
  8767 | D:9      | Reached XP level 11. HP: 98/98 MP: 12/12
  8845 | D:9      | Received a gift from Okawaru
  9000 | D:9      | Found a snail-covered altar of Cheibriados.
  9009 | D:9      | Gained mutation: You can translocate small distances at will. [potion of mutation]
  9009 | D:9      | Gained mutation: Your spells are a little easier to cast, but a little less powerful. [potion of mutation]
  9147 | D:9      | Found a staircase to the Orcish Mines.
  9203 | D:9      | Found an opulent altar of Gozag.
  9204 | D:9      | Found a sparkling altar of Nemelex Xobeh.
  9469 | D:10     | Entered Level 10 of the Dungeon
  9661 | D:10     | Found a roughly hewn altar of Beogh.
 10105 | D:7      | Bought the brooch of Shielding {Reflect SH+8} for 416 gold pieces
 10199 | Lair:1   | Entered Level 1 of the Lair of Beasts
 10326 | Lair:1   | Reached **** piety under Okawaru
 10478 | Lair:1   | Received a gift from Okawaru
 10853 | Lair:1   | Reached ***** piety under Okawaru
 11118 | Lair:1   | Received a gift from Okawaru
 11254 | Lair:1   | Reached skill level 10 in Unarmed Combat
 11346 | Lair:2   | Noticed a four-headed hydra
 11352 | Lair:2   | Killed a four-headed hydra
 11526 | Lair:2   | Noticed a queen ant
 11537 | Lair:2   | Killed a queen ant
 11537 | Lair:2   | Reached XP level 12. HP: 88/106 MP: 11/14
 11887 | Lair:2   | Received a gift from Okawaru
 12062 | Lair:2   | Received a gift from Okawaru
 12138 | Lair:2   | Found a hole to the Spider Nest.
 12636 | Lair:3   | Noticed Nergalle
 12647 | Lair:3   | Killed Nergalle
 12658 | Lair:3   | Reached skill level 10 in Throwing
 12665 | Lair:3   | Received a gift from Okawaru
 12879 | Lair:3   | Noticed a seven-headed hydra
 12887 | Lair:3   | Killed a seven-headed hydra
 12887 | Lair:3   | Reached skill level 5 in Invocations
 12961 | Lair:3   | Noticed Sonja
 12963 | Lair:3   | Killed Sonja
 12963 | Lair:3   | Received a gift from Okawaru
 13488 | Lair:3   | Found a staircase to the Swamp.
 13515 | Lair:3   | Received a gift from Okawaru
 14272 | Lair:4   | Noticed a four-headed hydra
 14282 | Lair:4   | Killed a four-headed hydra
 14282 | Lair:4   | Received a gift from Okawaru
 14282 | Lair:4   | Reached XP level 13. HP: 115/115 MP: 14/17
 14283 | Lair:4   | Got an ichor-stained hat {god gift}
 14289 | Lair:4   | Identified the +2 hat "Qashurph" {rElec Dex+5} (Okawaru gifted it to you on level 4 of the Lair of Beasts)
 15221 | Lair:6   | Entered Level 6 of the Lair of Beasts
 15773 | Lair:6   | Reached skill level 11 in Unarmed Combat
 16086 | Lair:6   | Received a gift from Okawaru
 16147 | Lair:6   | Reached skill level 5 in Dodging
 16288 | Lair:6   | Reached skill level 1 in Armour
 16861 | Lair:6   | Found a staircase to the Slime Pits.
 17392 | D:11     | Noticed Maurice
 17409 | D:11     | Killed Maurice
 17583 | D:11     | Gained mutation: Your mind is acute. (Int +2) [mutagenic meat]
 17585 | D:11     | Lost mutation: Armour fits poorly on your strangely shaped body. [mutagenic meat]
 17593 | D:11     | Found Ismol's Magic Scroll Boutique.
 17811 | D:11     | Reached XP level 14. HP: 115/126 MP: 19/19
 18168 | D:12     | Reached skill level 10 in Fighting
 18715 | D:13     | Found Zeiry's Armour Shoppe.
 18921 | D:13     | Received a gift from Okawaru
 19004 | D:13     | Found Bagup's Armour Shoppe.
 19097 | D:13     | Found a blossoming altar of Fedhas.
 19135 | D:13     | Reached skill level 5 in Armour
 19268 | D:13     | Found Adumaq's Weapon Emporium.
 19389 | D:13     | Found Qytirgh's Jewellery Shop.
 19515 | D:13     | Found a gate to the Vaults.
 19905 | D:13     | Bought the ring "Lasoz" {+Blink rPois rC+ SInv} for 711 gold pieces
 20081 | D:14     | Noticed Agnes
 20095 | D:14     | Killed Agnes
 20095 | D:14     | Reached ****** piety under Okawaru
 20471 | D:14     | Received a gift from Okawaru
 20471 | D:14     | Reached skill level 12 in Unarmed Combat
 20491 | D:15     | Entered Level 15 of the Dungeon
 20980 | D:15     | Learned a level 2 spell: Blink
 20983 | D:15     | Learned a level 2 spell: Repel Missiles
 20997 | D:15     | Found a staircase to the Depths.
 21005 | D:15     | Reached XP level 15. HP: 134/134 MP: 20/20
 21500 | Orc:1    | Entered Level 1 of the Orcish Mines
 21710 | Orc:2    | Entered Level 2 of the Orcish Mines
 21777 | Orc:2    | Found a roughly hewn altar of Beogh.
 21791 | Orc:2    | Found Qyogoen's Distillery.
 21865 | Orc:2    | Found a roughly hewn altar of Beogh.
 21978 | Orc:2    | Found a staircase to the Elven Halls.
 22003 | Orc:2    | Received a gift from Okawaru
 22047 | Orc:2    | Found a roughly hewn altar of Beogh.
 22293 | Orc:2    | Noticed an orc warlord
 22346 | Orc:2    | Killed an orc warlord
 22447 | Orc:2    | Found Violoite's Antique Armour Emporium.
 22448 | Orc:2    | Found a roughly hewn altar of Beogh.
 22451 | Orc:2    | Found Bozxaolu's Antique Weapon Shoppe.
 22477 | Orc:2    | Bought a glowing cloak for 252 gold pieces
 22551 | Orc:2    | Found a roughly hewn altar of Beogh.
 22966 | Orc:2    | Found a roughly hewn altar of Beogh.
 22973 | Orc:2    | Found Vocaed's Magic Scroll Shop.
 23253 | Swamp:1  | Entered Level 1 of the Swamp
 24829 | Swamp:2  | Identified Esups's Incunabulum of Earth and the Oath
 25205 | Swamp:2  | Noticed a thorn hunter
 25210 | Swamp:2  | Noticed a thorn hunter
 25216 | Swamp:2  | Killed a thorn hunter
 25216 | Swamp:2  | Received a gift from Okawaru
 25437 | Swamp:2  | Killed a thorn hunter
 25825 | Swamp:3  | Received a gift from Okawaru
 26138 | Swamp:3  | Received a gift from Okawaru
 26532 | Swamp:3  | Reached XP level 16. HP: 148/148 MP: 21/21
 26806 | Swamp:3  | Received a gift from Okawaru
 26857 | Swamp:4  | Entered Level 4 of the Swamp
 28102 | Swamp:4  | Received a gift from Okawaru
 28320 | Swamp:4  | Received a gift from Okawaru
 28350 | Swamp:4  | Got a decaying rune of Zot
 28616 | Lair:1   | Upgraded the game from 0.19.0-16-g73b5abf to 0.19.0-17-g07987d3
 28651 | Spider:1 | Entered Level 1 of the Spider Nest
 28990 | Spider:1 | Reached skill level 13 in Unarmed Combat
 29496 | Spider:1 | Received a gift from Okawaru
 29497 | Spider:1 | Got a bloodstained hat {god gift}
 29508 | Spider:1 | Identified the +1 hat of the Doldrums {Slay+3} (Okawaru gifted it to you on level 1 of the Spider Nest)
 30001 | Spider:2 | Reached skill level 14 in Unarmed Combat
 30573 | Spider:2 | Identified Suemo's Grimoire of Lethal Summoning
 31625 | Spider:3 | Reached skill level 15 in Unarmed Combat
 31632 | Spider:3 | Reached XP level 17. HP: 86/154 MP: 20/22
 32090 | Spider:3 | Received a gift from Okawaru
 32091 | Spider:3 | Got an ancient robe {god gift}
 32107 | Spider:3 | Identified the +1 robe of Does {MR+ Slay+3} (Okawaru gifted it to you on level 3 of the Spider Nest)
 32161 | Spider:4 | Entered Level 4 of the Spider Nest
 33186 | Spider:4 | Slain by an emperor scorpion

Skill      XL: |  1  2  3  4  5  6  7  8  9 10 11 12 13 14 15 16 17 |
---------------+----------------------------------------------------+-----
Fighting       | 2 3 4 5 7 8 9 10 12 | 12.1
Unarmed Combat | 1 2 4 5 7 9 10 11 12 15 | 15.0
Throwing       | 4 6 8 9 10 11 12 | 12.4
Stealth        | 1 3 |  3.0
Dodging        | 2 4 5 6 8 9 |  9.0
Shields        | 3 6 8 9 |  9.2
Invocations    | 3 4 6 9 |  9.0
Armour         | 3 6 7 8 9 |  9.0

Action                   |  1- 3 |  4- 6 |  7- 9 | 10-12 | 13-15 | 16-18 || total
-------------------------+-------+-------+-------+-------+-------+-------++-------
Melee: Unarmed           |    86 |   120 |   247 |   852 |  1661 |   960 ||  3926
       Punch             |       |     1 |     7 |       |       |       ||     8
Throw: Stone             |    60 |    39 |    81 |       |       |       ||   180
       Throwing net      |     2 |     1 |       |       |       |       ||     3
       Large rock        |       |       |     1 |    35 |    22 |    81 ||   139
       Tomahawk          |       |       |    28 |    27 |    66 |       ||   121
       Javelin           |       |       |     3 |    31 |   235 |       ||   269
Invok: Heroism           |       |       |       |    13 |    22 |    12 ||    47
       Finesse           |       |       |       |       |       |     1 ||     1
 Abil: Blink             |       |       |       |     5 |       |       ||     5
Evoke: Wand              |       |       |       |     1 |     2 |       ||     3
  Use: Potion            |     1 |     2 |     2 |     2 |       |     2 ||     9
       Scroll            |       |     6 |    11 |    14 |    12 |     3 ||    46
 Stab: Held in net/web   |       |     1 |       |       |       |       ||     1
       Sleeping          |       |     1 |     1 |    10 |    14 |     6 ||    32
       Distracted        |       |       |       |     3 |     2 |     3 ||     8
       Petrified         |       |       |       |       |     2 |       ||     2
  Eat: Chunk             |    15 |    15 |    40 |    73 |   113 |    46 ||   302
       Beef jerky        |       |       |     1 |       |       |       ||     1
       Royal jelly       |       |       |       |       |       |     6 ||     6
       Pizza             |       |       |       |       |       |     3 ||     3
Armor: Robe              |    15 |    34 |    46 |    96 |    63 |    31 ||   285
       Troll leather arm |       |       |       |       |   120 |       ||   120
       Swamp dragon scal |       |       |       |       |    99 |   292 ||   391
Dodge: Dodged            |    42 |    48 |    78 |   157 |   382 |   441 ||  1148
Block: Shield            |       |       |     6 |   495 |  1628 |  1230 ||  3359
       Reflection        |       |       |       |     1 |    48 |     3 ||    52
